 Dungeon Crawl Stone Soup version 0.26.1-16-g4e020e15dc (webtiles) character file.

Game seed: 17180192720043270566

4750 Froggeryz the Grappler (level 10, -6/81 HPs)
             Began as a Green Draconian Monk on Feb 16, 2024.
             Was an Elder of Zin.
             Mangled by a komodo dragon (15 damage)
             ... on level 8 of the Dungeon.
             The game lasted 00:14:13 (10909 turns).

Froggeryz the Grappler (Green Draconian Monk)      Turns: 10909, Time: 00:14:14

Health: -6/81      AC:  9    Str: 22    XL:     10   Next: 23%
Magic:  16/16      EV: 14    Int: 10    God:    Zin [****..]
Gold:   341        SH:  0    Dex: 15    Spells: 9/9 levels left

rFire    . . .     SeeInvis +     - Unarmed
rCold    . . .     Faith    .   (no shield)
rNeg     . . .     Spirit   .   (armour unavailable)
rPois    +         Reflect  .   (helmet restricted)
rElec    .         Harm     .   p - +0 cloak
rCorr    .         Rampage  .   q - +0 pair of gloves
Will     .....                  (no boots)
Stlth    ++........             (no amulet)
HPRegen  0.23/turn              f - +6 ring of strength
MPRegen  0.15/turn              y - ring of see invisible (curse)

@: short of breath
A: breathe noxious fumes, unfitting armour, poison resistance, cold-blooded, AC
+7
a: Breathe Noxious Fumes, Renounce Religion, Recite, Vitalisation, Imprison,
Donate Gold


You were on level 8 of the Dungeon.
You worshipped Zin.
Zin was greatly pleased with you.
You visited 2 branches of the dungeon, and saw 9 of its levels.
You also visited: Sewer.

You collected 378 gold pieces.
You donated 37 gold pieces to Zin.

Inventory:

Hand Weapons
 k - a +2 mace of protection
 t - a +1 short sword of venom
Missiles
 g - 2 throwing nets
 r - 4 boomerangs (quivered)
Armour
 p - a +0 cloak (worn)
 q - a +0 pair of gloves (worn)
Jewellery
 b - an uncursed ring of stealth {unknown}
 f - a +6 ring of strength (left hand)
 y - a cursed ring of see invisible (right hand)
 z - an uncursed ring of positive energy {unknown}
Wands
 C - a wand of enslavement (7)
Scrolls
 e - 3 scrolls of teleportation
 h - a scroll of amnesia
 i - 3 scrolls of blinking
 j - 5 scrolls of remove curse
 m - a scroll of identify
 n - a scroll of immolation
 A - a scroll of enchant armour
 B - a scroll of fear
Potions
 a - a potion of degeneration {unknown}
 c - a potion of berserk rage {unknown}
 d - 7 potions of curing
 l - 2 potions of flight
 o - a potion of mutation {unknown}
 s - 2 potions of resistance
 u - a potion of heal wounds {unknown}
 v - a potion of cancellation {unknown}
 w - 2 potions of brilliance
 x - a potion of haste {unknown}


   Skills:
 + Level 5.1 Fighting
 * Level 4.1 Dodging
 - Level 1.7 Stealth
 * Level 11.7 Unarmed Combat
 - Level 9.1 Invocations


You had 9 spell levels left.
You didn't know any spells.
Your spell library contained the following spells:

 Spells                   Type           Power        Failure   Level
 Animate Skeleton         Necr           0%           36%         1
 Apportation              Tloc           0%           36%         1
 Beastly Appendage        Tmut           0%           36%         1
 Corona                   Hex            0%           36%         1
 Summon Small Mammal      Summ           0%           36%         1
 Wereblood                Tmut           0%           50%         2
 Spider Form              Tmut/Pois      0%           75%         3
 Ice Form                 Ice/Tmut       0%           98%         4
 Blade Hands              Tmut           0%           100%        5


Dungeon Overview and Level Annotations

Branches:
Dungeon (8/15)             Temple (0/1) D:6            Lair (1/6) D:8
  Sewer (visited)

Altars:
Elyvilon
Zin


Innate Abilities, Weirdness & Mutations

You can breathe blasts of noxious fumes.
Your lurid green scales are hard. (AC +7)
You cannot fit into any form of body armour.
Your system is resistant to poisons. (rPois)
You are cold-blooded and may be slowed by cold attacks.


Message History

There is a staircase to the Lair here.
Press: ? - help, Shift-Dir - straight line, f - komodo dragon
Aim: a komodo dragon (moderately wounded)
You exhale a blast of noxious fumes.
The blast of choking fumes misses the komodo dragon.
The komodo dragon is engulfed in noxious fumes.
The komodo dragon barely misses you.
You hit the komodo dragon but do no damage.
Your punch misses the komodo dragon.
The komodo dragon is moderately wounded.
You punch the komodo dragon!
The komodo dragon is heavily wounded.
The komodo dragon is engulfed in noxious fumes.
The komodo dragon bites you!
* * * LOW HITPOINT WARNING * * *
You punch the komodo dragon! Your punch misses the komodo dragon.
The komodo dragon is severely wounded.
The komodo dragon is engulfed in noxious fumes.
The komodo dragon bites you!
You die...

.................#.#..........#
#..................#.....)....#
#.....................○.......#
...#.........P.P♣....○........#
#..#......P.........°....>....#
#...............P..○..........#
..........P.P.....○.....(.....#
..........(....P.l............#
..........P.P...@.............#
....#..##..........P..P.....###
..............P...P.P....########
.................P...P.#####.....
.................................
..........#....P......####.......
.....................## ##.######
................P.....# #..#
...#......#.#.........###.##


You could see a komodo dragon.

Vanquished Creatures
  Pikel (D:7)
  4 yaks
  4 wyverns
  5 water moccasins
  2 orc warriors (D:7)
  2 sky beasts
  2 ogres
  3 ice beasts
  A phantom (D:7)
  A big kobold (Sewer)
  Blork the orc (D:6)
  A bullfrog (D:8)
  2 scorpions
  9 wights
  5 howler monkeys
  5 hounds
  A jelly (D:5)
  Crazy Yiuf (D:2)
  4 orc priests
  A bullfrog skeleton (D:4)
  Terence (D:1)
  An iguana (D:8)
  2 orc wizards
  4 worker ants
  A hound skeleton (D:7)
  4 gnolls
  A howler monkey skeleton (D:4)
  13 adders
  3 river rats
  A shadow imp (D:5)
  2 white imps
  2 adder zombies (D:5)
  5 worms
  An adder skeleton (D:4)
  A dart slug (D:2)
  5 leopard geckos
  19 orcs
  5 bats
  5 giant cockroaches
  8 hobgoblins
  19 jackals
  2 quokkas
  A ball python (D:3)
  5 frilled lizards
  8 goblins
  12 kobolds
  2 quokka skeletons
  11 rats
199 creatures vanquished.

Vanquished Creatures (others)
  2 fungi (D:8)
  15 plants (D:8)
17 creatures vanquished.

Grand Total: 216 creatures vanquished

Notes
Turn   | Place    | Note
-------+----------+-------------------------------------------
     0 | D:1      | Froggeryz the Draconian Monk began the quest for the Orb.
     0 | D:1      | Reached XP level 1. HP: 19/19 MP: 1/1
   305 | D:1      | Reached XP level 2. HP: 13/26 MP: 2/2
  1110 | D:2      | Noticed Terence
  1180 | D:2      | Reached XP level 3. HP: 29/33 MP: 3/3
  1862 | D:3      | Reached skill level 4 in Unarmed Combat
  2000 | D:3      | Reached XP level 4. HP: 22/40 MP: 4/4
  2784 | D:2      | Found a runed translucent door.
  2787 | D:2      | Noticed Crazy Yiuf
  2832 | D:2      | Killed Crazy Yiuf
  2833 | D:2      | Reached skill level 5 in Unarmed Combat
  2833 | D:2      | Reached XP level 5. HP: 19/46 MP: 5/5
  3185 | D:1      | Killed Terence
  4176 | D:3      | Reached skill level 6 in Unarmed Combat
  4307 | D:4      | Reached XP level 6. HP: 49/52 MP: 6/6
  4495 | D:4      | Found a glowing drain.
  4500 | Sewer    | Entered a sewer
  4756 | Sewer    | Reached skill level 7 in Unarmed Combat
  4911 | Sewer    | Found a white marble altar of Elyvilon.
  5302 | D:4      | Your scales start taking on a lurid green colour.
  5302 | D:4      | Reached XP level 7. HP: 53/59 MP: 7/7
  5302 | D:4      | Gained mutation: Your system is resistant to poisons.
                  | (rPois) [Green Draconian growth]
  5384 | D:4      | Found a glowing silver altar of Zin.
  5559 | D:4      | Became a worshipper of Zin the Law-Giver
  5559 | D:4      | Reached * piety under Zin
  5559 | D:4      | Reached ** piety under Zin
  5685 | D:5      | Entered Level 5 of the Dungeon
  5705 | D:5      | Reached skill level 1 in Invocations
  5740 | D:5      | Reached skill level 8 in Unarmed Combat
  5899 | D:5      | Reached *** piety under Zin
  6950 | D:6      | Reached XP level 8. HP: 63/65 MP: 10/10
  7174 | D:6      | Found a staircase to the Ecumenical Temple.
  7222 | D:6      | Noticed Blork the orc
  7231 | D:6      | Killed Blork the orc
  7303 | D:6      | Reached skill level 9 in Unarmed Combat
  7500 | D:7      | Reached skill level 5 in Invocations
  7581 | D:7      | Reached **** piety under Zin
  8017 | D:7      | Found a white marble altar of Elyvilon.
  8171 | D:7      | Noticed Pikel
  8196 | D:7      | Killed Pikel
  8197 | D:7      | Reached skill level 10 in Unarmed Combat
  8197 | D:7      | Reached XP level 9. HP: 50/71 MP: 12/14
  9291 | D:8      | Reached skill level 11 in Unarmed Combat
  9556 | D:8      | Found a staircase to the Lair.
  9613 | D:7      | HP: 3/72 [poisoned by a water moccasin]
  9621 | D:7      | HP: 3/72 [poisoned by a water moccasin]
 10150 | D:8      | Reached XP level 10. HP: 60/80 MP: 16/16
 10588 | D:8      | Reached skill level 5 in Fighting
 10875 | Lair:1   | Entered Level 1 of the Lair of Beasts
 10909 | D:8      | Mangled by a komodo dragon

Illustrated notes

Levels and vault maps discovered:
D:1:      mainiacjoe_arrival_reflecting_pool, layout_basic
D:2:      layout_loops_cross, serial_aquarium, aquarium_bridge_island_small
          [aquarium_subvault_small_open, aquarium_subvault_window,
          aquarium_subvault_wall, aquarium_subvault_wall,
          aquarium_subvault_bridge], aquarium_bridge_square
          [aquarium_subvault_balcony, aquarium_subvault_bridge,
          aquarium_subvault_window, aquarium_subvault_balcony],
          aquarium_window_1, aquarium_window_fake, aquarium_view_2e,
          aquarium_view_2c, aquarium_balcony_double_1, aquarium_pool_five,
          uniq_terence, uniq_crazy_yiuf_cottage
D:3:      corexii_shack_village, layout_loops_ring, serial_aquarium,
          aquarium_bridge_long_joined [aquarium_subvault_wall,
          aquarium_subvault_wall, aquarium_subvault_wall,
          aquarium_subvault_wall, aquarium_subvault_wall,
          aquarium_subvault_bridge], aquarium_window_fake, aquarium_window_fake,
          aquarium_window_2, aquarium_window_1, aquarium_view_2c,
          aquarium_view_2e
D:4:      layout_rooms, lemuel_round_altar, lightli_sewer_entry_pipes
D:5:      lemuel_upstairs_altar, layout_basic
D:6:      layout_rooms, minmay_temple_entry_glassed_door, uniq_blork_the_orc
D:7:      layout_basic, elyvilon_altar_5, grunt_ministairs_13, uniq_pikel
D:8:      layout_rooms, minmay_lair_entry_grove
Lair:1:   layout_cave_pods, beast_lair_carwin_8, serial_bayou_shore_a

Skill      XL: |  1  2  3  4  5  6  7  8  9 10 |
---------------+-------------------------------+-----
Dodging        | 3 4 |  4.1
Unarmed Combat | 4 5 6 7 8 10 11 | 11.7
Fighting       | 4 5 |  5.1
Invocations    | 3 7 9 |  9.1
Stealth        | |  1.7

Action                   |  1- 3 |  4- 6 |  7- 9 | 10-12 || total
-------------------------+-------+-------+-------+-------++-------
Melee: Unarmed           |   120 |   291 |   300 |    46 ||   757
       Tailslap          |     7 |    44 |    51 |     9 ||   111
       Punch             |     1 |     9 |    17 |     1 ||    28
       Mace              |       |    13 |       |       ||    13
Throw: Boomerang         |       |       |     4 |     1 ||     5
Invok: Recite            |       |       |    17 |       ||    17
 Abil: Breathe Noxious F |       |       |     2 |     5 ||     7
Evoke: Wand              |       |     4 |       |       ||     4
  Use: Scroll            |     1 |       |     9 |     2 ||    12
       Potion            |       |     1 |     1 |       ||     2
 Stab: Sleeping          |     7 |     9 |     4 |       ||    20
       Distracted        |       |       |     2 |       ||     2
       Confused          |       |       |     6 |     4 ||    10
Armor: Skin              |    19 |    62 |    76 |     7 ||   164
Dodge: Dodged            |    73 |   159 |   191 |    28 ||   451
